 Dungeon Crawl Stone Soup version 0.22-a0-75-g1fede22 (webtiles) character file.

126 KristoblXynda the Ruffian (level 4, -4/39 HPs)
             Began as a Troll Wizard on Jan 12, 2018.
             Slain by an orc wizard
             ... wielding a +0 dagger
              (6 damage)
             ... on level 3 of the Dungeon.
             The game lasted 00:03:26 (1263 turns).

KristoblXynda the Ruffian (Troll Wizard)            Turns: 1263, Time: 00:03:27

Health: -4/39      AC:  6    Str: 15    XL:     4   Next: 83%
Magic:  5/5        EV: 10    Int: 15    God:
Gold:   85         SH:  0    Dex:  8    Spells: 6/7 levels left

rFire    . . .     SeeInvis .     - Unarmed
rCold    . . .     Gourm    +   (no shield)
rNeg     . . .     Faith    .   a - +0 robe
rPois    .         Spirit   .   b - +0 hat
rElec    .         Reflect  .   (no cloak)
rCorr    +         Harm     .   (gloves unavailable)
MR       .....                  (boots unavailable)
Stlth    +.........             (no amulet)
HPRegen  0.53/turn              m - ring of flight
MPRegen  0.09/turn              h - ring of resist corrosion

@: no status effects
A: large, unfitting armour, claws 3, fast metabolism 3, gourmand, low mp 1,
sense surroundings 1, regeneration 1, shaggy fur 2, tough skin 2
a: Evoke Flight


You were on level 3 of the Dungeon.
You were completely stuffed.

You visited 1 branch of the dungeon, and saw 3 of its levels.

You collected 85 gold pieces.

Inventory:

Armour
 a - a +0 robe (worn)
 b - a +0 hat (worn)
Jewellery
 g - an uncursed ring of stealth
 h - a ring of resist corrosion (right claw)
 m - a ring of flight (left claw)
Scrolls
 e - 2 scrolls of identify
 f - 3 scrolls of remove curse
 j - 2 scrolls of teleportation
Books
 c - a book of Minor Magic

   Spells                             Type                      Level
   a - Magic Dart                     Conjuration                  1
   b - Blink                          Translocation                2
   c - Call Imp                       Summoning                    2
   d - Slow                           Hexes                        2
   e - Conjure Flame                  Conjuration/Fire             3
   f - Mephitic Cloud                 Conjuration/Poison/Air       3
Comestibles
 d - 2 rations
 n - 2 chunks of flesh


   Skills:
 + Level 2.4 Dodging
 - Level 1.0 Stealth
 * Level 3.1 Unarmed Combat
 - Level 2.0 Spellcasting
 + Level 1.7 Conjurations
   Level 0.6 Summonings
   Level 0.6 Translocations


You had 6 spell levels left.
You knew the following spells:

 Your Spells              Type           Power        Failure   Level  Hunger
a - Magic Dart            Conj           #...         11%         1    #......


Dungeon Overview and Level Annotations

Branches:
Dungeon (3/15)

Altars:
Dithmenos


Innate Abilities, Weirdness & Mutations

You are too large for most types of armour.
You have claws for hands.
Your metabolism is lightning-fast.
You like to eat raw meat.
Your natural rate of healing is unusually fast.
You are covered in thick fur. (AC +2)
You have very tough skin. (AC +2)
Your magical capacity is low. (-10% MP)
You passively map a small area around you.


Message History

You kill the orc!
The orc wizard hits you but does no damage.
The kobold hits you but does no damage.
You barely miss the orc wizard. The kobold barely misses you.
The orc wizard hits you with a dagger.
* * * LOW HITPOINT WARNING * * *
Unknown command.
You claw the orc wizard!
The orc wizard is heavily wounded.
The kobold hits you with a short sword.
* * * LOW HITPOINT WARNING * * *
The orc wizard gestures at you while chanting.
The magic dart hits you!
* * * LOW HITPOINT WARNING * * *
You scratch the orc wizard.
The orc wizard is severely wounded.
The kobold hits you with a short sword.
* * * LOW HITPOINT WARNING * * *
The orc wizard hits you with a dagger.
You die...

#.....<.......#
#.............#
*
#..<..........#
#.............#
#.............#
############.##
.# * ##### # ,
* #@g.# * * *


#oKK# * , #o).# *# * #####...###.. , #.(.......... * #............ , * *
#............ * * * , #......$..>.. #............ You could see an orc wizard,
an orc, a hobgoblin and 2 kobolds.

Vanquished Creatures
  An orc priest (D:3)
  3 gnolls (D:2)
  2 adders (D:2)
  A worm (D:2)
  A dart slug (D:1)
  2 leopard geckos
  2 orcs (D:3)
  A giant cockroach (D:2)
  6 goblins
  A hobgoblin (D:2)
  4 jackals (D:2)
  5 kobolds
  A quokka (D:2)
  6 bats
  3 frilled lizards (D:2)
  5 rats
44 creatures vanquished.

Notes
Turn   | Place    | Note
-------+----------+-------------------------------------------
     0 | D:1      | KristoblXynda the Troll Wizard began the quest for the Orb.
     0 | D:1      | Reached XP level 1. HP: 16/16 MP: 2/2
   105 | D:1      | Reached skill level 1 in Unarmed Combat
   163 | D:1      | Reached XP level 2. HP: 18/24 MP: 4/4
   273 | D:1      | Reached skill level 1 in Conjurations
   610 | D:2      | Found a faded altar of an unknown god.
   705 | D:2      | Found a shadowy altar of Dithmenos.
   737 | D:2      | Reached XP level 3. HP: 28/31 MP: 5/5
   778 | D:2      | Reached skill level 2 in Unarmed Combat
   846 | D:2      | Reached XP level 4. HP: 34/39 MP: 6/6
  1242 | D:3      | Reached skill level 3 in Unarmed Combat
  1251 | D:3      | Gained mutation: Your magical capacity is low. (-10% MP) [potion of mutation]
  1251 | D:3      | Gained mutation: You passively map a small area around you. [potion of mutation]
  1251 | D:3      | Gained mutation: You are covered in thick fur. (AC +2) [potion of mutation]
  1263 | D:3      | Slain by an orc wizard

Vault maps used:
D:1:      lightli_iron_boxes, hangedman_decor_points
D:2:      lemuel_doored_altar, chequers_ecumenical_altar_simple_redux
D:3:      tso_altar, gup_sewer_entry_bubbles, corexii_leaking_fountain,
          uniq_sigmund

Skill      XL: |  1  2  3  4 |
---------------+-------------+-----
Unarmed Combat | 1 2 3 |  3.1
Conjurations   | 1 |  1.7
Dodging        | 2 |  2.4
Stealth        | |  1.0
Spellcasting   | |  2.0
Summonings     | |  0.6
Translocations | |  0.6

Action                   |  1- 3 |  4- 6 || total
-------------------------+-------+-------++-------
Melee: Unarmed           |    95 |    60 ||   155
       Punch             |       |     1 ||     1
  Use: Potion            |     2 |     1 ||     3
       Scroll            |       |     7 ||     7
 Stab: Sleeping          |     1 |       ||     1
  Eat: Chunk             |    13 |     4 ||    17
Armor: Robe              |    47 |    33 ||    80
       Skin              |    12 |       ||    12
Dodge: Dodged            |    75 |    50 ||   125

Table legend:
 A = Spawn XP
 B = Non-spawn XP
 C = Spawn XP percentage of total XP
 D = Spawn monster count
 E = Non-spawn monster count
 F = Spawn count percentage of total count
 G = Total turns spent on level
                    A         B        C        D         E        F      G
               +---------+---------+-------+---------+---------+-------+---------
         Total |       0 |     180 |   0.0 |       0 |      44 |   0.0 |  1263
               +---------+---------+-------+---------+---------+-------+---------
           D:1 |       0 |      20 |   0.0 |       0 |      11 |   0.0 |   610
           D:2 |       0 |     109 |   0.0 |       0 |      28 |   0.0 |   591
           D:3 |       0 |      51 |   0.0 |       0 |       5 |   0.0 |    62
               +---------+---------+-------+---------+---------+-------+---------
